AoeStats
← bapuji

MegaRandom

504282448Analyzed
3v3 RM · 27d ago on Sep 4, 2026· 26m 6s· 6 players
Game mode
Random Map
Map size
Normal (6 player)
Population
200
Speed
Normal
Resources
Standard
Victory
Conquest
Starting age
Dark Age
Ending age
Imperial Age
RankedLock teamsTeams togetherTeam positionsShared explorationLock speedFull tech treeHidden civsTurbo modeCheats
Victory
Defeat
🇹🇷 Khmer · Türkiye
705
+14
🇫🇷 Magyars · France
685
+15
🇳🇴 Romans · Norway
655
+16
🇨🇦 Goths · Canada
740
-20
🇮🇳 Spanish · India
645
-14
🇨🇴 Ethiopians · Colombia
578
-11
NorWarHero6319
0:33 Loom
11:49 Feudal Age
12:41 Double-Bit Axe
12:41 Horse Collar
16:05 Gold Mining
23:01 Castle Age
22:01 Man-at-Arms
23:02 Forging
22:53 Scale Mail Armor
22:59 Scale Barding Armor
23:59 Bow Saw
23:56 Heavy Plow
24:51 Stone Mining
25:36 Gold Shaft Mining
ORION
4:02 Loom
15:13 Feudal Age
16:56 Horse Collar
20:58 Castle Age
19:18 Double-Bit Axe
22:27 Wheelbarrow
22:30 Gold Mining
23:14 Heavy Plow
25:37 Bow Saw
_Ainrad75
10:49 Feudal Age
11:15 Horse Collar
11:28 Double-Bit Axe
14:17 Wheelbarrow
16:27 Loom
20:25 Castle Age
18:48 Fletching
19:19 Padded Archer Armor
19:30 Scale Barding Armor
20:15 Gold Mining
20:16 Stone Mining
21:09 Bodkin Arrow
21:30 Leather Archer Armor
Oblivion280195
10:27 Loom
12:13 Feudal Age
21:37 Castle Age
20:59 Double-Bit Axe
20:57 Horse Collar
21:56 Wheelbarrow
aelenon
0:30 Loom
12:52 Feudal Age
15:06 Horse Collar
15:15 Double-Bit Axe
17:52 Castle Age
15:52 Man-at-Arms
17:59 Long Swordsman
18:41 Squires
20:09 Scale Mail Armor
20:55 Heavy Plow
bapuji
0:37 Loom
15:24 Feudal Age
16:41 Wheelbarrow
15:54 Double-Bit Axe
17:22 Town Watch
17:20 Horse Collar
17:41 Gold Mining
17:50 Stone Mining
20:29 Forging
23:51 Castle Age
22:43 Scale Barding Armor
24:33 Husbandry
24:36 Caravan
24:46 Heavy Plow
25:06 Bow Saw
25:41 Stone Shaft Mining
Connection lost

Rejoining the realm…

Still unreachable

The connection could not be restored.

Session expired

The server has moved on; the page needs a fresh start.